 Dungeon Crawl Stone Soup version 0.29-a0-474-gdfe5cd140f (webtiles) character file.

Game seed: 14165430156714008230

501 spaghetti the Ruffian (level 6, -17/47 HPs)
             Began as a Mummy Fighter on May 23, 2022.
             Was a Follower of Okawaru.
             Demolished by an ogre
             ... wielding a +0 giant club
              (25 damage)
             ... on level 4 of the Dungeon.
             The game lasted 00:05:06 (4373 turns).

spaghetti the Ruffian (Mummy Fighter)               Turns: 4373, Time: 00:05:06

Health: -17/47     AC:  8    Str: 33    XL:     6   Next: 95%
Magic:  6/6        EV:  9    Int:  7    God:    Okawaru [*.....]
Gold:   247        SH:  4    Dex: 12    Spells: 5/5 levels left

rFire   x . .      SeeInvis .     - Unarmed
rCold   + . .      Faith    .   b - +0 buckler
rNeg    + + +      Spirit   .   a - +0 scale mail
rPois   ∞          Reflect  .   (no helmet)
rElec   .          Harm     .   v - +0 cloak {rPois}
rCorr   .          Rampage  .   (no gloves)
Will    .....                   l - +0 pair of boots
Stlth   ..........              h - amulet of the acrobat
HPRegen 0.15/turn               k - +6 ring of strength
MPRegen 0.10/turn               w - +6 ring of strength

@: no status effects
A: cold resistance 1, negative energy resistance 3, torment resistance 2, heat
vulnerability 1, in touch with death 1, no potions
a: Renounce Religion, Heroism


You were on level 4 of the Dungeon.
You worshipped Okawaru.
Okawaru was aware of your devotion.
You visited 1 branch of the dungeon, and saw 4 of its levels.

You collected 247 gold pieces.


Innate Abilities, Weirdness & Mutations

You are immune to poison.
Your flesh is cold resistant. (rC+)
You are immune to negative energy. (rN+++)
You are immune to unholy pain and torment.
You are vulnerable to heat. (rF-)
You are in touch with the powers of death.
You do not drink.


   Skills:
 - Level 3.0 Fighting
 + Level 0.0 Throwing
 - Level 2.4 Armour
 - Level 2.4 Shields
 + Level 6.3 Unarmed Combat


You had 5 spell levels left.
You didn't know any spells.
Your spell library contained the following spells:

 Spells                   Type           Power      Damage    Failure   Level
 Necrotize                Necr           0%         1d4       77%         1
 Portal Projectile        Hex/Tloc       0%         N/A       98%         3
 Vampiric Draining        Necr           0%         2d6       98%         3
 Agony                    Necr           0%         N/A       100%        5
 Tukima's Dance           Hex            Unusable   N/A       N/A         3
 Blade Hands              Tmut           Unusable   N/A       N/A         5

Inventory:

Hand Weapons
 c - a +0 dagger {short}
   (You found it on level 1 of the Dungeon)
 d - a +0 hand axe {axe}
   (You found it on level 1 of the Dungeon)
 e - a +0 club {mace}
   (You took it off a goblin on level 1 of the Dungeon)
 j - a +0 dagger {short}
   (You took it off a kobold on level 1 of the Dungeon)
Missiles
 g - 7 poisoned darts {throwing}
 o - 112 stones (quivered) {throwing}
 q - 4 boomerangs {throwing}
Armour
 a - a +0 scale mail (worn)
 b - a +0 buckler (worn)
 l - a +0 pair of boots (worn)
   (You found it on level 2 of the Dungeon)
 v - a +0 cloak of poison resistance (worn)
   (You took it off Crazy Yiuf on level 3 of the Dungeon)
Jewellery
 h - an amulet of the acrobat (around neck)
   (You found it on level 1 of the Dungeon)
 k - a +6 ring of strength (left hand)
   (You found it on level 1 of the Dungeon)
 w - a +6 ring of strength (right hand)
   (You found it on level 4 of the Dungeon)
Wands
 t - a wand of polymorph (7)
   (You took it off Ijyb on level 3 of the Dungeon)
 u - a wand of acid (7)
   (You found it on level 3 of the Dungeon)
Scrolls
 f - a scroll of silence {!r}
 i - a scroll of fear
 m - a scroll of poison {unknown}
 n - a scroll of noise {unknown}
 p - a scroll of immolation {unknown}
 r - a scroll of identify {unknown}
 s - a scroll of teleportation {unknown}
 x - 2 scrolls of magic mapping {unknown}

Dungeon Overview and Level Annotations

Branches:
Dungeon (4/15)             Temple (0/1) D:4

Altars:
Cheibriados
Elyvilon
Gozag
Nemelex Xobeh
Okawaru
Uskayaw
Yredelemnul

Shops:
D:2

* ≈≈≈≈≈≈≈.## ##
.≈≈≈≈≈≈.....#
.≈≈≈≈≈≈.###.#########(..
.≈≈≈≈≈≈..........O((<(..
≈≈≈≈≈≈..........@#
≈≈≈≈.........###.#
≈≈...........# #.#
.........)...# #.# #.#
#.###......### #.# #.#
#.# #.#...## #.# #.#
#.###.##.## #.# #.#
#........#######.# #.#
.................###.#


You could see an ogre.


Message History

You throw a poisoned dart {throwing}.
The poisoned dart {throwing} barely misses the goblin.
No target in view!
No target in view!
No target in view!
No target in view!
No target in view!
No target in view!
No target in view!
No target in view!
No target in view!
No target in view!
No target in view!
A goblin is nearby!
A goblin is nearby!
A goblin is nearby!
You hit the goblin.
You kill the goblin!
Okawaru accepts your kill.
A phantom comes into view.
Things that are here:
a +0 dagger {short}; a goblin corpse A phantom is nearby!
A phantom is nearby!
You see here 8 gold pieces.
You hit the phantom but do no damage. The phantom closely misses you.
You punch the phantom! The phantom hits you. 😕 HP[-5]
You take 5 damage, and now have 42/47 hp.
You closely miss the phantom. You block the phantom's attack.
You closely miss the phantom. The phantom barely misses you.
You punch the phantom! The phantom hits you.
The phantom blinks!
You blink. 😕 HP[-4]
You take 4 damage, and now have 38/47 hp.
You punch the phantom!
You destroy the phantom!
Okawaru is honoured by your kill.
You can now gain great but temporary skills.
g - 6 poisoned darts {throwing} (gained 1)
g - 7 poisoned darts {throwing} (gained 1) Key pressed, stopping explore.
You now have 247 gold pieces (gained 8).
Key pressed, stopping explore.
A goblin comes into view. It is wielding a +0 dagger.
The goblin shouts! 😎 HP[+9]
Your hp is fully restored (47).
A goblin is nearby!
A goblin is nearby!
The goblin misses you.
You punch the goblin!
You kill the goblin!
Okawaru accepts your kill.
You see here a +0 dagger {short}.
Unknown command.
Found an opulent altar of Gozag.
You see here a +0 club {mace}.
x - 2 scrolls labelled DEPAKU VAM (gained 1)
o - 117 stones {throwing} (gained 12) Key pressed, stopping explore.
You open the door.
Key pressed, stopping explore.
Key pressed, stopping explore.
A hobgoblin comes into view.
Found a stone staircase leading up.
The hobgoblin shouts!
An ogre comes into view. It is wielding a +0 giant club.
You throw a stone {throwing}. The ogre shouts!
The stone {throwing} hits the hobgoblin.
You throw a stone {throwing}. The stone {throwing} hits the ogre.
You throw a stone {throwing}.
The stone {throwing} hits the hobgoblin but does no damage.
You throw a stone {throwing}.
The stone {throwing} closely misses the hobgoblin.
You punch the hobgoblin!
You kill the hobgoblin!
Okawaru accepts your kill.
You throw a stone {throwing}.
The stone {throwing} hits the ogre but does no damage.
The ogre hits you with a +0 giant club! 😮 HP[-17]
You take 17 damage, and now have 30/47 hp.
MASSIVE DAMAGE!! (PAUSE)
You barely miss the ogre. 😮 HP[+1]
You punch the ogre! The ogre hits you but does no damage.
You hit the ogre. You hit the ogre.
The ogre hits you with a +0 giant club!!
* * * LOW HITPOINT WARNING * * *
😱 HP[-23]
You take 23 damage, and now have 8/47 hp.
MASSIVE DAMAGE!! (PAUSE) Unknown command.
You hit the ogre.
The ogre hits you with a +0 giant club!!
Ouch! That really hurt!
You die...

Skill      XL: |  1  2  3  4  5  6 |
---------------+-------------------+-----
Unarmed Combat | 2 3 4 5 6 |  6.3
Fighting       | |  3.0
Armour         | |  2.4
Shields        | |  2.4

Action                   |  1- 3 |  4- 6 || total
-------------------------+-------+-------++-------
Melee: Unarmed           |    82 |   195 ||   277
Throw: Dart              |     6 |     8 ||    14
       Stone             |       |     5 ||     5
  Use: Scroll            |       |     3 ||     3
Armor: Scale mail        |    33 |    75 ||   108
Dodge: Dodged            |    39 |    97 ||   136
Block: Buckler           |    12 |    33 ||    45

Levels and vault maps discovered:
D:1:      lemuel_arrival_broad_hall, layout_loops_cross,
          hangedman_decor_clover_reticule, palyth_stone_intersect
D:2:      kennysheep_big_flooded_room, layout_basic, serial_shops,
          nicolae_shop_statue_plus, shapermc_ecumenical_altar_ellora,
          minmay_randomly_rotated_circles, uniq_natasha, uniq_jessica
D:3:      layout_basic, amcnicky_altar_gilded,
          nicolae_overflow_quartered_altars, nemelex_xobeh_ov_fountains_minmay,
          corexii_shack, uniq_ijyb, uniq_crazy_yiuf_cottage, uniq_sigmund,
          uniq_terence
D:4:      layout_loops_ring, lemuel_doored_altar, temple_pool_b

Notes
Turn   | Place    | Note
-------+----------+-------------------------------------------
     0 | D:1      | spaghetti the Mummy Fighter began the quest for the Orb.
     0 | D:1      | Reached XP level 1. HP: 18/18 MP: 1/1
     0 | D:1      | magus.rc [v1.9.6]
   342 | D:1      | Reached skill level 2 in Unarmed Combat
   511 | D:1      | Reached XP level 2. HP: 24/24 MP: 2/2
   554 | D:1      | You pick up a book of Necromancy and begin reading...
   554 | D:1      | You add the spells Necrotize, Vampiric Draining and Agony
                  | to your library.
   992 | D:2      | Gained mutation: You are in touch with the powers of death.
                  | [Mummy growth]
   992 | D:2      | Reached XP level 3. HP: 26/29 MP: 3/3
  1025 | D:2      | Found a faded altar of an unknown god.
  1101 | D:2      | You pick up a book of Weapons and begin reading...
  1101 | D:2      | You add the spells Tukima's Dance and Portal Projectile to
                  | your library.
  1188 | D:2      | Reached skill level 3 in Unarmed Combat
  1314 | D:2      | Found Zewipel's Assorted Antiques.
  1326 | D:2      | Noticed Jessica
  1336 | D:2      | Killed Jessica
  1630 | D:2      | Reached XP level 4. HP: 35/35 MP: 4/4
  1709 | D:2      | Noticed Natasha
  1714 | D:2      | Killed Natasha
  1715 | D:2      | Reached skill level 4 in Unarmed Combat
  1937 | D:2      | Noticed Natasha
  1949 | D:2      | Killed Natasha
  2150 | D:3      | Reached XP level 5. HP: 25/41 MP: 5/5
  2375 | D:3      | Found a hide-covered altar of Uskayaw.
  2435 | D:3      | Noticed Terence
  2814 | D:3      | Found an iron altar of Okawaru.
  2837 | D:3      | Became a worshipper of Warmaster Okawaru
  2932 | D:3      | Found a snail-covered altar of Cheibriados.
  2960 | D:3      | Noticed Ijyb
  2997 | D:3      | HP: 10/41 [goblin/+0 club (3)]
  3114 | D:3      | Killed Ijyb
  3382 | D:3      | Found a sparkling altar of Nemelex Xobeh.
  3433 | D:3      | Found a runed translucent door.
  3434 | D:3      | Noticed Crazy Yiuf
  3516 | D:3      | Noticed Sigmund
  3535 | D:3      | Killed Sigmund
  3536 | D:3      | Reached skill level 5 in Unarmed Combat
  3536 | D:3      | Reached XP level 6. HP: 22/47 MP: 6/6
  3826 | D:3      | Found a basalt altar of Yredelemnul.
  3893 | D:3      | Killed Terence
  4131 | D:3      | Killed Crazy Yiuf
  4132 | D:3      | Reached skill level 6 in Unarmed Combat
  4198 | D:4      | Found a staircase to the Ecumenical Temple.
  4214 | D:4      | Reached * piety under Okawaru
  4307 | D:4      | Found an opulent altar of Gozag.
  4372 | D:4      | HP: 8/47 [ogre/+0 giant club (23)]
  4373 | D:4      | Demolished by an ogre

Vanquished Creatures
  Sigmund (D:3)
  A phantom (D:4)
  Crazy Yiuf (D:3)
  Jessica (D:2)
  Ijyb (D:3)
  Terence (D:3)
  An iguana (D:3)
  Natasha (twice) (D:2)
  4 adders
  2 worms
  2 dart slugs
  An orc (D:3)
  2 bats
  3 endoplasms
  7 hobgoblins
  5 kobolds
  2 quokkas (D:2)
  4 ball pythons
  6 frilled lizards
  9 goblins
  5 rats
61 creatures vanquished.

Vanquished Creatures (others)
  A fungus (D:2)
  3 plants
4 creatures vanquished.

Grand Total: 65 creatures vanquished

Table legend:
 A = Non-vault XP
 B = Vault XP
 C = Vault XP percentage of total XP
 D = Non-vault monster count
 E = Vault monster count
 F = Vault count percentage of total count
                 A         B        C        D         E       F
            +---------+---------+-------+---------+---------+-------
      Total |     290 |     426 |  59.5 |      46 |      15 |  24.6
            +---------+---------+-------+---------+---------+-------
        D:1 |      17 |       0 |   0.0 |      10 |       0 |   0.0
        D:2 |      72 |     100 |  58.1 |      17 |      10 |  37.0
        D:3 |      86 |     326 |  79.1 |      15 |       5 |  25.0
        D:4 |     115 |       0 |   0.0 |       4 |       0 |   0.0
            +---------+---------+-------+---------+---------+-------

Illustrated notes

Table legend:
 A = Kills in this place as a percentage of kills in entire the game.
 B = Kills by you in this place as a percentage of kills by you in the entire game.
 C = Kills by friends in this place as a percentage of kills by friends in the entire game.
 D = Other kills in this place as a percentage of other kills in the entire game.
 E = Experience gained in this place as a percentage of experience gained in the entire game.
 F = Experience gained in this place divided by the number of levels of this place that you have seen.
                   A       B       C       D       E      F
               +-------+-------+-------+-------+-------+----------------------
         Total | 100.0 | 100.0 |   N/A |   N/A | 100.0 | 179.0
       Dungeon | 100.0 | 100.0 |   N/A |   N/A | 100.0 | 179.0
               +-------+-------+-------+-------+-------+----------------------

Table legend: (Time is in decaauts)
 A = Elapsed time spent in this place.
 B = Non-inter-level travel time spent in this place.
 C = Inter-level travel time spent in this place.
 D = Time resting spent in this place.
 E = Time spent auto-exploring this place.
 F = Levels seen in this place.
 G = Mean time per level.
                   A        B        C        D        E       F      G
               +--------+--------+--------+--------+--------+-----+--------+
         Total |   4379 |   4273 |    106 |    291 |   3390 |   4 | 1094.8 |
       Dungeon |   4379 |   4273 |    106 |    291 |   3390 |   4 | 1094.8 |
               +--------+--------+--------+--------+--------+-----+--------+

Top non-repeatable levels by time:
     D:3: 1905 daAuts
     D:2: 1520 daAuts
     D:1: 736 daAuts
     D:4: 217 daAuts
